HBL
OCEAN CITY BLUE CRABS @ COLUMBUS CLIPPERS
06/03/1997
 
TOP OF THE 1ST
Ocean City Blue Crabs batting - Pitching for Columbus Clippers : RHP Osvaldo Fernandez
Pitching: RHP Osvaldo Fernandez
Batting: RHB Jarvis Brown 0-0: Ball
1-0: Fly out, F8 (Flyball, 8RXD, EV 95.6 MPH)
Batting: LHB Pedro Valdes 0-0: Ball
1-0: SINGLE (Line Drive, 8RS, EV 101.9 MPH)
Batting: LHB Brad Fullmer 0-0: Ball
1-0: Ball
2-0: Foul Ball, location: 2F
2-1: Foul Ball, location: 2F
2-2: Foul Ball, location: 2F
2-2: Ball
3-2: SINGLE (Flyball, 89M, EV 90.0 MPH)
Pedro Valdes to second
Batting: SHB Junior Felix 0-0: Ball
1-0: Foul Ball, location: 2F
1-1: Called Strike
1-2: SINGLE (Groundball, 56D, EV 108.8 MPH)
Pedro Valdes to third
Brad Fullmer to second
Runner from 3rd tries for Home, SAFE, throw by LF to home
Batting: LHB Curtis Pride 0-0: Swinging Strike
0-1: Ball
1-1: Called Strike
1-2: Foul Ball, location: 2F
1-2: Foul Ball, location: 2F
1-2: Strikes out looking
Batting: RHB Scott Leius 0-0: Swinging Strike
0-1: Fielders Choice at 2nd, 6-4 (Groundball, 6, EV 111.3 MPH)
Top of the 1st over - 1 run, 3 hits, 0 errors, 2 left on base; Ocean City 1 - Columbus 0
BOTTOM OF THE 1ST
Columbus Clippers batting - Pitching for Ocean City Blue Crabs : LHP Darrell May
Pitching: LHP Darrell May
Batting: RHB Carlos Garcia 0-0: Ball
1-0: Fly out, F4 (Line Drive, 4, EV 71.3 MPH)
Batting: LHB Kenjiro Nomura 0-0: Called Strike
0-1: Ball
1-1: SINGLE (Line Drive, 4M, EV 97.5 MPH)
Batting: RHB Derrek Lee 0-0: Ball
1-0: DOUBLE (Line Drive, 9LM, EV 96.9 MPH)
Kenjiro Nomura to third
Batting: RHB Bubba Trammell 0-0: DOUBLE (Line Drive, 89D, EV 101.3 MPH)
Kenjiro Nomura scores
Derrek Lee scores
Batting: RHB Kevin Orie 0-0: Called Strike
0-1: Ball
1-1: Called Strike
1-2: Ball
2-2: Foul Ball, location: 2F
2-2: Ground out 5-3 (Groundball, 5L, EV 91.3 MPH)
Batting: RHB Wendell Magee 0-0: Ball
1-0: Ground out 5-3 (Groundball, 56S, EV 70.6 MPH)
Bottom of the 1st over - 2 runs, 3 hits, 0 errors, 1 left on base; Ocean City 1 - Columbus 2
TOP OF THE 2ND
Ocean City Blue Crabs batting - Pitching for Columbus Clippers : RHP Osvaldo Fernandez
Batting: RHB Einar Diaz 0-0: Ground out 6-3 (Groundball, 6, EV 102.5 MPH)
Batting: RHB Manny Alexander 0-0: Swinging Strike
0-1: Ball
1-1: Swinging Strike
1-2: Foul Ball, location: 2F
1-2: SINGLE (Line Drive, 9S, EV 100.6 MPH)
Batting: RHB Cheron Farley 0-0: Ball
1-0: Called Strike
1-1: Ball
2-1: Called Strike
2-2: Foul Ball, location: 2F
2-2: Ball
3-2: Fielders Choice at 2nd, 6-4 (Groundball, 6, EV 86.9 MPH)
Batting: RHB Jarvis Brown 0-0: Ball
1-0: Ball
2-0: Called Strike
2-1: Ball
3-1: Foul Ball, location: 2F
3-2: Foul Ball, location: 2F
3-2: Base on Balls
Cheron Farley to second
Batting: LHB Pedro Valdes 0-0: Swinging Strike
0-1: SINGLE (Groundball, 4D, EV 94.4 MPH)
Cheron Farley to third
Jarvis Brown to second
Runner from 3rd tries for Home, SAFE, throw by CF to home
Batting: LHB Brad Fullmer 0-0: Ball
1-0: Ball
2-0: Called Strike
2-1: Swinging Strike
2-2: 3-RUN HOME RUN (Flyball, 9LD, EV 100.0 MPH), Distance : 345 ft
Batting: SHB Junior Felix 0-0: Swinging Strike
0-1: Swinging Strike
0-2: Ball
1-2: Ball
2-2: Fly out, F7 (Flyball, 7, EV 86.9 MPH)
Top of the 2nd over - 4 runs, 3 hits, 0 errors, 0 left on base; Ocean City 5 - Columbus 2
BOTTOM OF THE 2ND
Columbus Clippers batting - Pitching for Ocean City Blue Crabs : LHP Darrell May
Batting: RHB Tilson Brito 0-0: Ball
1-0: Ball
2-0: Foul Ball, location: 2F
2-1: Ground out 6-3 (Groundball, 6, EV 82.5 MPH)
Batting: RHB Miguel Mejia 0-0: Ball
1-0: Ball
2-0: Called Strike
2-1: Foul Ball, location: 2F
2-2: Strikes out swinging
Batting: RHB Alberto T Castillo 0-0: Called Strike
0-1: Foul Ball, location: 2F
0-2: Ball
1-2: Ground out 4-3 (Groundball, 4, EV 108.1 MPH)
Bottom of the 2nd over - 0 runs, 0 hits, 0 errors, 0 left on base; Ocean City 5 - Columbus 2
TOP OF THE 3RD
Ocean City Blue Crabs batting - Pitching for Columbus Clippers : RHP Osvaldo Fernandez
Batting: LHB Curtis Pride 0-0: Ball
1-0: SINGLE (Line Drive, 8RS, EV 101.3 MPH)
Batting: RHB Scott Leius 0-0: Ball
1-0: Called Strike
Curtis Pride steals 2nd base
1-1: Ball
2-1: Foul Ball, location: 2F
2-2: Ball
3-2: Ground out 3-1 (Groundball, 34, EV 105.6 MPH)
Curtis Pride to third
Pitching: RHP Chris Brock
Batting: RHB Einar Diaz 0-0: Fly out, F8 (Line Drive, 8RM, EV 93.1 MPH)
Runner from 3rd tags up, SCORES, throw by CF
Batting: RHB Manny Alexander 0-0: Ball
1-0: Ball
2-0: Foul Ball, location: 2F
2-1: Foul Ball, location: 2F
2-2: Ball
3-2: SINGLE (Groundball, 4D, EV 96.9 MPH)
Batting: RHB Cheron Farley 0-0: Called Strike
0-1: Ball
1-1: Ball
2-1: Swinging Strike
2-2: Fly out, F8 (Line Drive, 8LD, EV 88.8 MPH)
Top of the 3rd over - 1 run, 2 hits, 0 errors, 1 left on base; Ocean City 6 - Columbus 2
BOTTOM OF THE 3RD
Columbus Clippers batting - Pitching for Ocean City Blue Crabs : LHP Darrell May
Batting: RHB Carlos Garcia 0-0: Called Strike
0-1: Fly out, F9 (Flyball, 9LS, EV 86.9 MPH)
Batting: LHB Kenjiro Nomura 0-0: Ball
1-0: Called Strike
1-1: SINGLE (Groundball, 4M, EV 93.8 MPH) (infield hit)
Batting: RHB Derrek Lee 0-0: Called Strike
0-1: Ball
1-1: Fly out, F5 (Line Drive, 5, EV 65.0 MPH)
Batting: RHB Bubba Trammell 0-0: Foul Ball, location: 2F
0-1: Ball
1-1: Foul Ball, location: 2F
1-2: Fly out, F4 (Flyball, 34D, EV 88.1 MPH)
Bottom of the 3rd over - 0 runs, 1 hit, 0 errors, 1 left on base; Ocean City 6 - Columbus 2
TOP OF THE 4TH
Ocean City Blue Crabs batting - Pitching for Columbus Clippers : RHP Chris Brock
Batting: RHB Jarvis Brown 0-0: Called Strike
0-1: Called Strike
0-2: Ball
1-2: Foul Ball, location: 2F
1-2: Ball
2-2: Fly out, F7 (Flyball, 7LMF, EV 91.3 MPH)
Batting: LHB Pedro Valdes 0-0: Called Strike
0-1: Ball
1-1: Ball
2-1: Ball
3-1: Fly out, F9 (Flyball, 89D, EV 100.0 MPH)
Batting: LHB Brad Fullmer 0-0: Ball
1-0: Foul Ball, location: 2F
1-1: Ball
2-1: Ground out U3 (Groundball, 3, EV 104.4 MPH)
Top of the 4th over - 0 runs, 0 hits, 0 errors, 0 left on base; Ocean City 6 - Columbus 2
BOTTOM OF THE 4TH
Columbus Clippers batting - Pitching for Ocean City Blue Crabs : LHP Darrell May
Batting: RHB Kevin Orie 0-0: Foul Ball, location: 2F
0-1: Called Strike
0-2: Ball
1-2: Foul Ball, location: 2F
1-2: Strikes out swinging
Batting: RHB Wendell Magee 0-0: Called Strike
0-1: Ball
1-1: Ball
2-1: Ground out U3 (Groundball, 3S, EV 68.8 MPH)
Batting: RHB Tilson Brito 0-0: Ground out 4-3 (Groundball, 4, EV 81.3 MPH)
Bottom of the 4th over - 0 runs, 0 hits, 0 errors, 0 left on base; Ocean City 6 - Columbus 2
TOP OF THE 5TH
Ocean City Blue Crabs batting - Pitching for Columbus Clippers : RHP Chris Brock
Batting: SHB Junior Felix 0-0: Ball
1-0: Ground out 4-3 (Groundball, 34D, EV 110.6 MPH)
Batting: LHB Curtis Pride 0-0: Called Strike
0-1: Foul Ball, location: 2F
0-2: Foul Ball, location: 2F
0-2: Ball
1-2: Ball
2-2: Fly out, F8 (Line Drive, 8LD, EV 94.4 MPH)
Batting: RHB Scott Leius 0-0: Ball
1-0: Fly out, F7 (Flyball, 7, EV 97.5 MPH)
Top of the 5th over - 0 runs, 0 hits, 0 errors, 0 left on base; Ocean City 6 - Columbus 2
BOTTOM OF THE 5TH
Columbus Clippers batting - Pitching for Ocean City Blue Crabs : LHP Darrell May
Batting: RHB Miguel Mejia 0-0: Ground out 5-3 (Groundball, 56, EV 85.0 MPH)
Batting: RHB Alberto T Castillo 0-0: Called Strike
0-1: Ball
1-1: Ball
2-1: Foul Ball, location: 2F
2-2: Ball
3-2: Base on Balls
Batting: RHB Carlos Garcia 0-0: Called Strike
0-1: Fly out, F8 (Flyball, 78D, EV 103.8 MPH)
Batting: LHB Kenjiro Nomura 0-0: Swinging Strike
0-1: Ball
1-1: Ball
2-1: Foul Ball, location: 2F
2-2: SINGLE (Flyball, 89S, EV 90.0 MPH)
Alberto T Castillo to second
Runner from 2nd tries for 3rd, SAFE, no throw by RF
Batting: RHB Derrek Lee 0-0: Ball
1-0: Fly out, F9 (Flyball, 89M, EV 81.3 MPH)
Bottom of the 5th over - 0 runs, 1 hit, 0 errors, 2 left on base; Ocean City 6 - Columbus 2
TOP OF THE 6TH
Ocean City Blue Crabs batting - Pitching for Columbus Clippers : RHP Chris Brock
Batting: RHB Einar Diaz 0-0: Ground out 6-3 (Groundball, 6, EV 105.0 MPH)
Batting: RHB Manny Alexander 0-0: DOUBLE (Line Drive, 89XD, EV 107.5 MPH)
Pitching: RHP Greg Gohr
Batting: RHB Cheron Farley 0-0: Foul Ball, location: 2F
0-1: Fly out, F9 (Flyball, 9LS, EV 88.8 MPH)
Batting: RHB Jarvis Brown 0-0: Called Strike
0-1: Ball
1-1: Ball
2-1: Ground out 1-3 (Groundball, P, EV 91.9 MPH)
Top of the 6th over - 0 runs, 1 hit, 0 errors, 1 left on base; Ocean City 6 - Columbus 2
BOTTOM OF THE 6TH
Columbus Clippers batting - Pitching for Ocean City Blue Crabs : LHP Darrell May
Batting: RHB Bubba Trammell 0-0: Foul Ball, location: 2F
0-1: Called Strike
0-2: Ball
1-2: Strikes out swinging
Batting: RHB Kevin Orie 0-0: DOUBLE (Line Drive, 78D, EV 103.1 MPH)
Batting: RHB Wendell Magee 0-0: Ball
1-0: Ball
2-0: Called Strike
2-1: Ball
3-1: Ground out 6-3 (Groundball, 6, EV 92.5 MPH)
Batting: RHB Tilson Brito 0-0: SINGLE (Line Drive, 34D, EV 98.8 MPH)
Kevin Orie to third
Runner from 3rd tries for Home, SAFE, no throw by RF
Batting: RHB Miguel Mejia 0-0: SINGLE (Groundball, 34D, EV 103.1 MPH)
Tilson Brito to second
Runner from 2nd tries for 3rd, SAFE, throw by RF made to third
Batting: RHB Alberto T Castillo 0-0: Foul Ball, location: 2F
0-1: Called Strike
0-2: Foul Ball, location: 2F
0-2: Ball
1-2: Ball
2-2: Foul Ball, location: 2F
2-2: Ball
3-2: Foul Ball, location: 2F
3-2: Base on Balls
Miguel Mejia to second
Batting: RHB Carlos Garcia 0-0: Fly out, F8 (Flyball, 8LM, EV 96.9 MPH)
Bottom of the 6th over - 1 run, 3 hits, 0 errors, 3 left on base; Ocean City 6 - Columbus 3
TOP OF THE 7TH
Ocean City Blue Crabs batting - Pitching for Columbus Clippers : RHP Greg Gohr
Batting: LHB Pedro Valdes 0-0: Called Strike
0-1: SOLO HOME RUN (Line Drive, 9LD, EV 103.1 MPH), Distance : 348 ft
Batting: LHB Brad Fullmer 0-0: Ground out 6-3 (Groundball, 6, EV 85.6 MPH)
Batting: SHB Junior Felix 0-0: Ball
1-0: Foul Ball, location: 2F
1-1: Ball
2-1: Swinging Strike
2-2: Foul Ball, location: 2F
2-2: Ball
3-2: Foul Ball, location: 2F
3-2: Fly out, F7 (Flyball, 7LD, EV 106.3 MPH)
Batting: LHB Curtis Pride 0-0: Ball
1-0: Ball
2-0: Fly out, F5 (Popup, 15, EV 72.5 MPH)
Top of the 7th over - 1 run, 1 hit, 0 errors, 0 left on base; Ocean City 7 - Columbus 3
BOTTOM OF THE 7TH
Columbus Clippers batting - Pitching for Ocean City Blue Crabs : LHP Darrell May
Pitching: RHP Ramon Morel
Batting: LHB Kenjiro Nomura 0-0: Called Strike
0-1: SINGLE (Groundball, 34D, EV 94.4 MPH)
Batting: RHB Derrek Lee 0-0: Foul Ball, location: 2F
0-1: Swinging Strike
0-2: Ball
1-2: SINGLE (Groundball, 56, EV 80.6 MPH) (infield hit)
Kenjiro Nomura to second
Batting: RHB Bubba Trammell 0-0: Ball
1-0: Called Strike
1-1: Fly out, F8 (Flyball, 89M, EV 79.4 MPH)
Batting: RHB Kevin Orie 0-0: Fielders Choice at 2nd, 5-4 (Groundball, 56S, EV 83.8 MPH)
Kenjiro Nomura to third
Batting: RHB Wendell Magee 0-0: Swinging Strike
0-1: Swinging Strike
0-2: Ball
1-2: Foul Ball, location: 2F
1-2: Strikes out swinging
Bottom of the 7th over - 0 runs, 2 hits, 0 errors, 2 left on base; Ocean City 7 - Columbus 3
TOP OF THE 8TH
Ocean City Blue Crabs batting - Pitching for Columbus Clippers : RHP Greg Gohr
Batting: RHB Scott Leius 0-0: Ball
1-0: Called Strike
1-1: Foul Ball, location: 2F
1-2: Foul Ball, location: 2F
1-2: SINGLE (Flyball, 89S, EV 89.4 MPH)
Pitching: RHP Marc Wilkins
Batting: RHB Einar Diaz 0-0: Ball
1-0: Ball
2-0: Bunted foul
2-1: Bunted foul
2-2: Ball
3-2: Fly out, F8 (Flyball, 78D, EV 73.1 MPH)
Batting: RHB Manny Alexander 0-0: Foul Ball, location: 2F
0-1: Foul Ball, location: 2F
0-2: Foul Ball, location: 2F
0-2: SINGLE (Groundball, 6MD, EV 95.6 MPH)
Scott Leius to second
Runner from 2nd tries for 3rd, OUT! 8-5
Batting: RHB Cheron Farley 0-0: Ball
Wild Pitch!
Manny Alexander to second
1-0: Called Strike
1-1: Swinging Strike
1-2: Fly out, F9 (Flyball, 89M, EV 81.3 MPH)
Top of the 8th over - 0 runs, 2 hits, 0 errors, 1 left on base; Ocean City 7 - Columbus 3
BOTTOM OF THE 8TH
Columbus Clippers batting - Pitching for Ocean City Blue Crabs : RHP Ramon Morel
Batting: RHB Tilson Brito 0-0: Called Strike
0-1: Swinging Strike
0-2: Ball
1-2: Ball
2-2: Ball
3-2: Strikes out swinging
Batting: RHB Miguel Mejia 0-0: Foul Ball, location: 2F
0-1: Swinging Strike
0-2: Ball
1-2: Ball
2-2: Fly out, F2 (Popup, 2RF, EV 90.6 MPH)
Batting: RHB Alberto T Castillo 0-0: Called Strike
0-1: Ball
1-1: Ball
2-1: SINGLE (Groundball, 34D, EV 96.3 MPH)
Batting: RHB Carlos Garcia 0-0: Ball
1-0: Ball
2-0: Foul Ball, location: 2F
2-1: Ball
3-1: Ground out 4-3 (Groundball, 34D, EV 105.0 MPH)
Bottom of the 8th over - 0 runs, 1 hit, 0 errors, 1 left on base; Ocean City 7 - Columbus 3
TOP OF THE 9TH
Ocean City Blue Crabs batting - Pitching for Columbus Clippers : RHP Marc Wilkins
Batting: RHB Jarvis Brown 0-0: Ball
1-0: Called Strike
1-1: Swinging Strike
1-2: Foul Ball, location: 2F
1-2: Strikes out swinging
Batting: LHB Pedro Valdes 0-0: Swinging Strike
0-1: Ball
1-1: Ground out 6-3 (Groundball, 6M, EV 100.6 MPH)
Batting: LHB Brad Fullmer 0-0: Ball
1-0: Foul Ball, location: 2F
1-1: Ground out 5-3 (Groundball, 56S, EV 88.1 MPH)
Top of the 9th over - 0 runs, 0 hits, 0 errors, 0 left on base; Ocean City 7 - Columbus 3
BOTTOM OF THE 9TH
Columbus Clippers batting - Pitching for Ocean City Blue Crabs : RHP Ramon Morel
Batting: LHB Kenjiro Nomura 0-0: Called Strike
0-1: Swinging Strike
0-2: Foul Ball, location: 2F
0-2: Ball
1-2: Strikes out swinging
Batting: RHB Derrek Lee 0-0: Called Strike
0-1: Swinging Strike
0-2: Fly out, F9 (Flyball, 9D, EV 103.1 MPH)
Batting: RHB Bubba Trammell 0-0: Ball
1-0: Foul Ball, location: 2F
1-1: Swinging Strike
1-2: Ball
2-2: Ball
3-2: Base on Balls
Pitching: RHP Rafael Carmona
Batting: RHB Kevin Orie 0-0: Ball
1-0: Fly out, F8 (Flyball, 8LM, EV 80.6 MPH)
Bottom of the 9th over - 0 runs, 0 hits, 0 errors, 1 left on base; Ocean City 7 - Columbus 3
Wednesday, February 18th, 2026 - OOTP Baseball 20.8 Build 74